 Dungeon Crawl Stone Soup version 0.15-a0-155-g2613b33 (webtiles) character file.

213 PolkaDot the Cutter (level 4, 0/34 HPs)
             Began as a Vampire Death Knight on Apr 16, 2014.
             Was a Believer of Yredelemnul.
             Slain by an iguana (11 damage)
             ... on Level 3 of the Dungeon.
             The game lasted 00:06:58 (2029 turns).

PolkaDot the Cutter (Vampire Death Knight)          Turns: 2029, Time: 00:06:58

HP   0/34        AC  4     Str 12      XL: 4   Next: 89%
MP   5/5         EV 10     Int 12 (13) God: Yredelemnul [**....]
Gold 83          SH  0     Dex 14      Spells:  0 memorised,  3 levels left

rFire  . . .     SeeInvis +     a - +1 short sword
rCold  . . .     Clarity  .     b - +0 leather armour
rNeg   . . .     Conserve .     (no shield)
rPois  +         rCorr    .     (no helmet)
rElec  .         rRot     .     c - +0 cloak {rPois}
SustAb . .       Spirit   .     (no gloves)
rMut   .         Warding  .     (no boots)
Saprov . . .     Stasis   .     (no amulet)
MR     .....                    (no ring)
                                (no ring)

@: regenerating quickly, not resistant to hostile enchantments, unstealthy
A: fangs 3, see invisible, unbreathing
a: Animate Remains, Recall Undead Slaves, Injury Mirror, Renounce Religion


You were on level 3 of the Dungeon.
You worshipped Yredelemnul.
Yredelemnul was pleased with you.
You were very full.

You visited 1 branch of the dungeon, and saw 3 of its levels.

You collected 83 gold pieces.

Inventory:

Hand weapons
 a - a +1,+1 short sword (weapon)
Armour
 b - a +0 leather armour (worn)
 c - a +0 cloak of poison resistance (worn)
Scrolls
 d - 3 scrolls of identify {unknown}
 e - a scroll of immolation {unknown}
 f - 2 scrolls of remove curse {unknown}
 g - a scroll of recharging {unknown}
 h - a scroll of amnesia {unknown}
 j - a scroll of enchant armour {unknown}
 k - a scroll of random uselessness {unknown}
 m - a scroll of blinking {unknown}
 n - a scroll of fog {unknown}


   Skills:
 + Level 2.8 Fighting
 * Level 4.9 Short Blades
 - Level 0.7 Armour
 - Level 1.1 Dodging
 - Level 2.4 Invocations


You had 3 spell levels left.
You didn't know any spells.

Dungeon Overview and Level Annotations

Branches:
Dungeon (3/15)

Altars:


Innate Abilities, Weirdness & Mutations

Your natural rate of healing is unusually fast.
You have razor-sharp teeth.*
You have supernaturally acute eyesight.
You can survive without breathing.*


Message History

You see here a bat corpse.
Drink blood from a bat corpse? (ye/n/q/i?) This warm blood tastes delicious!
You stop draining the corpse.
All blood oozes out of the corpse!
Found a stone staircase leading down.
You see here a bat skeleton.
An iguana comes into view.
The iguana hisses angrily.
Found a cutlass.
The iguana bites you but does no damage.
You closely miss the iguana. You bite the iguana, but do no damage.
You closely miss the iguana. The iguana bites you!
You are too injured to fight recklessly!
You are too injured to fight recklessly!
You barely miss the iguana. The iguana closely misses you.
You hit the iguana but do no damage. The iguana bites you!
You hit the iguana but do no damage. You bite the iguana, but do no damage.
The iguana bites you!
You die...
Yredelemnul claims you as an undead slave.

.#..#.#....# #.# ##...# #.#.#
.#....#....# #.# #...# #.#..
.#.####....# #.# # #.###
.#.####....####.# #.#
....%.........#.# #.# #
.#..........#.#.# #..##.###
##.....####.#.#.#######.#.......'
####### #.#.#.........#.####.##
#.#...@l...)... #.##
#.############# #.# #.##......#
..# ##.##.####.#### ### ####
#...%.........# ..[#
#..##....#...># ##.#
#..############ #.# #..........
#.# #.#########


You could see an iguana.

Vanquished Creatures
  An adder (D:3)
  5 gnolls
  A worm (D:3)
  A giant gecko (D:1)
  4 orcs (D:3)
  9 bats
  4 giant cockroaches
  10 hobgoblins
  3 jackals (D:1)
  4 kobolds
  7 giant newts
  5 goblins
  2 quokkas
  3 rats
59 creatures vanquished.

Notes
Turn   | Place    | Note
--------------------------------------------------------------
     0 | D:1      | PolkaDot, the Vampire Death Knight, began the quest for the Orb.
     0 | D:1      | Reached XP level 1. HP: 16/16 MP: 1/1
   115 | D:1      | Reached XP level 2. HP: 16/22 MP: 2/2
   174 | D:1      | Reached skill level 3 in Short Blades
   468 | D:1      | Reached XP level 3. HP: 23/27 MP: 4/4
   671 | D:1      | Acquired Yredelemnul's second power
   836 | D:2      | Reached skill level 4 in Short Blades
   839 | D:2      | Reached XP level 4. HP: 18/34 MP: 5/5
  2029 | D:3      | Slain by an iguana

Action                   |  1- 3 |  4- 6 || total
-------------------------+-------+-------++-------
Melee: Short sword       |    95 |   113 ||   208
  Use: Potion            |     6 |     2 ||     8
 Stab: Sleeping          |     1 |       ||     1
